Map: Overgrown Facility

Players

Diamefbaal

  • Race: Terran Terran
  • League: Gold
  • Spawn Location: 7:00

DiverThicc

  • Race: Protoss Protoss
  • Spawn Location: 9:00

OpuS - Winner!

  • Race: Protoss Protoss
  • League: Platinum
  • Spawn Location: 3:00

Sketchaphone - Winner!

  • Race: Zerg Zerg
  • League: Platinum
  • Spawn Location: 1:00

VOD

Have the link to the VOD?

Description

Time

  • Played on: Feb. 19, 2019, 8:08 p.m.
  • Length: 21:20
Show
View Real Time Build Order
Export as new Build Order

Diamefbaal Terran 

Build Orders: Reaper Expand 

Get SALT Encoding   

  12  0:02  SCV  
  13  0:14  SCV  
  14  0:19  Supply Depot  
  14  0:26  SCV  
  15  0:40  SCV  
  15  0:42  Barracks  
  16  0:46  Refinery  
  16  0:52  SCV  
  17  1:04  SCV  
  18  1:16  SCV  
  19  1:29  Orbital Command  
  19  1:34  Reaper  
  20  1:47  Command Center  
  20  1:55  SCV  
  21  2:02  Supply Depot  
  21  2:06  Refinery  
  21  2:07  Marine  
  22  2:13  SCV  
  23  2:23  Factory  
  23  2:29  SCV  
  24  2:35  Barracks Reactor  
  24  2:37  Barracks  
  24  2:47  SCV  
  25  2:57  Engineering Bay  
  25  2:59  SCV  
  26  3:09  SCV  
  26  3:10  Factory Tech Lab  
  27  3:15  Starport  
  27  3:20  Marine x2  
  29  3:36  Barracks Tech Lab  
  29  3:38  Siege Tank  
  32  3:42  Orbital Command  
  32  3:48  Marine  
  32  3:49  Marine  
  34  4:07  Concussive Shells, Marauder, Marine  
  34  4:08  Marine  
  38  4:13  SCV  
  39  4:27  Marine x2  
  39  4:28  Medivac, Marauder  
  44  4:33  Terran Infantry Weapons Level 1  
  44  4:34  SCV x2  
  46  4:43  Supply Depot  
  46  4:51  Supply Depot  
  46  4:52  Supply Depot  
  46  5:04  Marine x2, SCV x2  
  46  5:06  Marine  
  51  5:11  Medivac  
  53  5:16  SCV x2  
  55  5:27  Siege Tank  
  58  5:28  SCV x2  
  58  5:30  Marauder, Marine x2  
  64  5:35  Stimpack, Supply Depot  
  64  5:38  Engineering Bay  
  64  5:41  SCV  
  64  5:42  Refinery  
  65  5:44  Starport Reactor  
  65  5:48  Marine x2  
  67  5:51  Marauder  
  67  5:55  Armory  
  69  6:05  Missile Turret  
  65  6:16  Marine x3  
  65  6:18  Siege Tank  
  65  6:20  Terran Infantry Armor Level 1  
  65  6:21  SCV  
  65  6:22  SCV  
  67  6:26  Refinery  
  67  6:33  SCV  
  67  6:34  SCV  
  67  6:37  Marine  
  67  6:38  Marine  
  67  6:39  Marauder  
  73  6:45  Barracks  
  73  6:47  Supply Depot  
  73  6:49  Supply Depot  
  71  7:14  Marine x3  
  74  7:15  Siege Tank  
  74  7:16  Medivac x2  
  81  7:26  Supply Depot  
  81  7:28  Terran Infantry Weapons Level 2, Supply Depot  
  81  7:29  Barracks, SCV x2  
  83  7:32  Marine  
  83  7:36  Marauder  
  86  7:37  Barracks Reactor  
  86  7:41  SCV  
  86  7:44  Marine  
  88  7:49  Marine  
  89  7:59  Combat Shield  
  89  8:04  Marine  
  91  8:07  Marauder  
  92  8:18  Marine x3  
  92  8:19  Barracks Reactor  
  95  8:21  Medivac x2, Siege Tank  
  95  8:22  Marine  
  103  8:28  Marauder  
  95  8:35  Marine  
  95  8:39  Marine x2  
  95  8:40  Marine  
  96  8:50  Marauder  
  97  9:09  Marine x3  
  98  9:10  Marine x3  
  98  9:11  Marauder  
  89  9:33  Marauder, Marine x3  
  89  9:34  Marine x2  
  96  9:42  Command Center  
  96  9:44  Starport Tech Lab  
  96  9:50  Marine  
  96  9:51  Marine, Siege Tank  
  101  9:52  Terran Infantry Weapons Level 3  
  101  9:53  Terran Infantry Armor Level 2  
  101  9:54  Marauder, Terran Vehicle Weapons Level 1  
  103  10:15  Marauder  
  105  10:28  Command Center  
  105  10:29  Refinery  
  105  10:32  Raven, Supply Depot  
  105  10:33  Refinery  
  105  10:34  Marine  
  105  10:35  Marine x2  
  110  10:37  Supply Depot  
  110  10:41  Marine x4  
  114  10:43  Supply Depot  
  114  10:45  Supply Depot  
  114  10:53  SCV x2  
  107  11:05  SCV x2  
  107  11:11  Marine x4  
  103  11:12  Marine x2  
  103  11:17  SCV x2  
  113  11:24  Marine  
  111  11:27  Missile Turret  
  111  11:29  SCV  
  111  11:31  Viking  
  89  11:52  Marine x2  
  89  11:53  Marine x2  
  89  11:54  Marauder, Marine  
  79  12:01  Viking  
  81  12:30  Planetary Fortress  
  81  12:35  SCV  
  82  12:39  SCV, Command Center  
  83  12:58  Missile Turret  
  83  13:10  SCV  
  83  13:11  SCV  
  83  13:12  Marine x2  
  87  13:13  Marine x4  
  87  13:14  Marine  
  92  13:22  SCV, Terran Vehicle Weapons Level 2  
  93  13:33  SCV x2  
  95  13:37  SCV  
  55  13:54  Marine x2  
  55  13:55  Marine x3  
  54  14:00  Marine x2  
  48  14:24  SCV x2  
  48  14:25  SCV  
  40  14:36  SCV x2  
  37  14:40  Marauder  
  37  14:44  Marine  
  37  14:45  Marine  
  30  14:56  SCV x2  
  30  14:57  SCV  
  33  15:01  Marauder  
  33  15:05  Marine  
  33  15:06  Marine  
  37  15:09  Orbital Command  
  37  15:10  SCV  
  37  15:11  SCV  
  39  15:23  Marine x7  
  46  15:31  Siege Tank  
  49  15:39  SCV x3  
  49  15:40  SCV  
  49  15:41  Marine x4  
  57  15:44  Medivac  
  59  15:51  SCV  
  60  15:57  SCV  
  60  15:58  SCV x2  
  60  16:01  Marine  
  60  16:02  Marine x6  
  60  16:03  SCV  
  71  16:14  Medivac  
  71  16:17  Barracks  
  73  16:19  Barracks, Marine  
  73  16:20  Marine x2  
  73  16:25  SCV x4  
  80  16:37  SCV x3  
  83  16:42  Missile Turret  
  53  17:01  Siege Tank  
  53  17:02  Marine x3  
  53  17:03  Marine x4  
  60  17:20  Marine x7  
  67  17:27  Missile Turret  
  67  17:32  Barracks Tech Lab  
  67  17:33  Siege Tank  
  68  17:37  Marine  
  68  17:38  Marine x2  
  68  17:39  Marauder  
  68  17:42  Marine  
  68  17:43  Marine x3  
  68  17:59  Marauder  
  68  18:00  Marauder  
  72  18:06  Siege Tank  
  75  18:14  Missile Turret  
  72  18:21  Marauder  
  50  18:31  Marine x3  
  31  18:43  Marine  
  13  19:47  Barracks Tech Lab  
  13  19:50  Barracks Reactor  
  13  20:18  Barracks Tech Lab  
  13  20:23  Barracks Tech Lab  
Show
View Real Time Build Order
Export as new Build Order

DiverThicc Protoss 

Build Orders:  

Get SALT Encoding   

  12  0:02  Probe  
  13  0:15  Probe  
  13  0:17  Pylon  
  14  0:23  Probe  
  15  0:33  Probe  
  16  0:44  Gateway  
  16  0:48  Probe  
  17  0:54  Assimilator  
  17  0:56  Assimilator  
  17  0:57  Probe  
  18  1:05  Probe  
  19  1:14  Probe  
  20  1:31  Probe  
  21  1:37  Cybernetics Core  
  21  1:43  Probe  
  22  1:55  Probe  
  23  2:18  Gateway  
  23  2:21  Twilight Council  
  23  2:24  Gateway  
  23  2:27  Pylon  
  23  2:39  Pylon  
  23  2:45  Zealot  
  23  2:49  Charge  
  25  3:05  Zealot  
  27  3:11  Zealot  
  29  3:20  Shield Battery  
  31  3:27  Zealot  
  31  3:33  Shield Battery  
  31  3:48  Zealot  
  31  3:59  Zealot x2  
  31  4:18  Pylon  
  33  4:46  Probe  
  33  4:47  Pylon  
  33  4:51  Pylon  
  34  4:53  Cybernetics Core  
  34  4:54  Probe  
  35  5:02  Zealot  
  35  5:03  Zealot  
  35  5:04  Probe  
  36  5:34  Nexus  
  36  5:36  Probe  
  37  5:44  Probe  
  37  5:45  Assimilator  
  37  5:49  Pylon  
  38  5:54  Probe  
  38  5:57  Forge  
  39  6:19  Zealot x3  
  43  7:09  Probe  
  43  7:10  Dark Shrine  
  43  7:11  Probe  
  43  7:14  Shield Battery  
  45  7:17  Photon Cannon  
  45  7:23  Probe  
  45  7:25  Photon Cannon  
  46  7:33  Pylon  
  46  7:35  Probe  
  47  7:47  Probe  
  48  7:57  Nexus  
  48  8:04  Probe  
  49  8:06  Assimilator  
  49  8:08  Warp Gate  
  49  8:16  Probe  
  50  8:25  Gateway  
  50  8:28  Probe  
  45  8:36  Stargate  
  45  8:39  Pylon  
  45  8:40  Probe  
  45  8:41  Pylon  
  40  8:50  Dark Templar  
  40  8:51  Dark Templar x2  
  34  9:35  Shadow Stride  
  32  9:55  Probe  
  33  10:00  Zealot x3  
  33  10:04  Probe, Oracle  
  33  10:06  Probe  
  39  10:07  Pylon x2, Probe  
  39  10:12  Probe  
  45  10:22  Probe  
  46  10:30  Photon Cannon  
  46  10:34  Probe  
  47  10:44  Oracle  
  47  10:48  Pylon  
  50  10:59  Forge  
  46  11:11  Stalker x2  
  46  11:12  Stalker x2  
  46  11:41  Blink  
  46  11:54  Dark Templar x2  
  50  12:06  Forge  
  50  12:09  Forge  
  50  12:11  Pylon  
  50  12:13  Pylon  
  49  12:17  Pylon  
  39  12:23  Probe  
  39  12:29  Probe  
  40  12:31  Probe  
  42  12:37  Probe  
  42  12:39  Probe  
  44  12:46  Nexus  
  44  12:47  Probe  
  44  12:51  Probe  
  46  12:56  Shield Battery  
  46  12:59  Probe  
  46  13:03  Probe  
  48  13:09  Phoenix  
  48  13:11  Probe  
  51  13:17  Stargate  
  51  13:18  Stargate  
  51  13:21  Probe  
  51  13:24  Photon Cannon  
  52  13:30  Probe  
  52  13:34  Phoenix  
  55  13:39  Probe  
  56  13:52  Probe  
  56  13:53  Cybernetics Core  
  57  14:03  Phoenix x3  
  54  14:31  Dark Templar x3  
  51  14:47  Protoss Air Weapons Level 1  
  49  14:52  Probe  
  50  15:00  Probe  
  50  15:10  Probe  
  46  15:22  Probe  
  47  15:53  Probe  
  47  16:01  Probe  
  44  16:07  Pylon  
  44  16:10  Pylon  
  45  16:11  Probe  
  45  16:12  Pylon  
  46  16:23  Probe  
  46  16:35  Phoenix x2  
  50  16:43  Probe x2  
  50  16:44  Gateway  
  50  16:45  Gateway  
  50  16:47  Gateway  
  52  16:49  Gateway  
  52  16:51  Probe  
  52  16:54  Pylon  
  52  16:55  Probe  
  52  16:58  Photon Cannon  
  52  16:59  Shield Battery  
  52  17:00  Probe  
  55  17:16  Phoenix  
  55  17:17  Phoenix  
  59  17:41  Phoenix  
  59  17:42  Phoenix  
  63  17:46  Zealot x3  
  69  18:02  Zealot  
  71  18:11  Pylon  
  71  18:14  Pylon  
  61  18:45  Dark Templar x3  
  61  18:47  Dark Templar  
  67  18:53  Phoenix x2  
  67  19:23  Dark Templar x2  
Show
View Real Time Build Order
Export as new Build Order

OpuS Protoss - Winner!

Build Orders:  

Get SALT Encoding   

  12  0:01  Probe  
  13  0:13  Probe  
  14  0:18  Pylon  
  14  0:25  Probe  
  15  0:37  Probe  
  15  0:39  Gateway  
  16  0:50  Probe  
  16  0:55  Assimilator  
  16  0:56  Assimilator  
  17  1:02  Probe  
  18  1:10  Gateway  
  18  1:14  Probe  
  19  1:28  Cybernetics Core  
  19  1:33  Pylon, Probe  
  20  1:41  Probe  
  21  1:51  Probe  
  22  2:02  Stalker  
  22  2:03  Stalker, Probe  
  23  2:11  Warp Gate  
  23  2:15  Probe  
  28  2:27  Probe  
  28  2:29  Shield Battery  
  28  2:37  Stalker  
  28  2:39  Probe  
  31  2:44  Forge  
  31  2:55  Pylon  
  31  3:13  Probe  
  32  3:30  Nexus  
  32  3:56  Probe  
  32  4:00  Gateway  
  32  4:01  Stalker  
  32  4:02  Stalker  
  37  4:03  Gateway  
  37  4:08  Probe  
  36  4:18  Twilight Council  
  34  4:27  Stalker x2  
  38  4:34  Pylon  
  38  4:36  Probe  
  39  4:51  Charge  
  39  4:53  Stalker x2  
  39  4:57  Probe x2  
  43  5:09  Probe, Templar Archives  
  43  5:11  Probe  
  45  5:30  Probe  
  45  5:31  Probe  
  45  5:32  Stalker x2  
  45  5:34  Protoss Ground Weapons Level 1  
  51  5:48  Robotics Facility  
  51  5:50  Probe  
  51  5:51  Probe  
  51  5:55  Pylon  
  53  5:57  Pylon  
  53  6:03  Probe  
  53  6:18  Probe x2  
  53  6:21  Stalker x3  
  53  6:22  Stalker  
  62  6:29  Pylon  
  62  6:30  Probe x2  
  64  6:42  Probe  
  64  6:46  Probe  
  66  6:48  Stalker x2  
  66  6:49  Stalker x2  
  66  6:54  Probe  
  66  6:59  Probe  
  62  7:02  Assimilator  
  62  7:05  Pylon  
  62  7:06  Assimilator  
  62  7:07  Probe, Observer  
  64  7:12  Zealot x4  
  72  7:20  Pylon  
  72  7:28  Psionic Storm  
  72  7:29  Probe x2  
  74  7:40  Zealot x2  
  74  7:41  Zealot x2  
  82  7:45  Gateway  
  82  7:52  Gateway  
  82  7:56  Dark Shrine  
  82  8:05  Protoss Ground Weapons Level 2  
  82  8:08  Zealot x4  
  90  8:33  Probe x2  
  78  8:41  Zealot x5  
  70  8:53  High Templar  
  56  9:11  Dark Templar x3  
  56  9:12  Dark Templar x2  
  62  9:19  Observer  
  63  9:37  Pylon  
  63  9:38  Stalker  
  63  9:40  Pylon  
  63  9:41  Pylon  
  65  9:51  Nexus  
  65  9:57  Observer  
  66  10:01  High Templar  
  68  10:09  Gateway  
  68  10:10  Gateway  
  68  10:11  Pylon  
  68  10:12  Zealot x2, Protoss Ground Weapons Level 3  
  72  10:19  Observer  
  73  10:24  High Templar  
  73  10:27  Zealot x2  
  79  10:31  Photon Cannon  
  79  10:33  Zealot  
  79  10:34  Zealot  
  72  11:07  Zealot x5  
  72  11:08  Zealot x2  
  72  11:09  Zealot  
  88  11:12  Probe  
  88  11:13  Probe  
  88  11:14  Probe  
  91  11:24  Probe  
  91  11:25  Probe  
  93  11:26  Probe  
  92  11:37  Probe  
  87  11:40  Probe x2  
  87  11:43  Assimilator  
  87  11:44  High Templar  
  87  11:45  High Templar x4  
  87  11:46  High Templar  
  97  11:48  Assimilator  
  85  12:14  Probe x3  
  85  12:15  Zealot x2  
  86  12:18  High Templar  
  86  12:19  High Templar  
  86  12:20  Zealot x4  
  98  12:26  Gateway  
  98  12:27  Gateway  
  98  12:29  Gateway  
  98  12:32  Gateway  
  98  12:34  Pylon  
  98  12:37  Pylon  
  98  12:38  Nexus  
  98  12:42  High Templar x2  
  98  12:43  Zealot x2  
  98  12:44  Pylon, Zealot  
  108  13:09  Gateway  
  108  13:11  Forge  
  108  13:15  Zealot x2  
  108  13:16  Zealot x5  
  108  13:17  Zealot  
  124  13:20  Blink  
  124  13:31  Dark Templar x3  
  124  13:32  Dark Templar  
  105  13:52  Archon  
  105  13:53  Archon x4  
  105  13:54  Archon  
  105  13:55  Protoss Ground Armor Level 1  
  99  13:57  Probe x3  
  102  14:04  Protoss Shields Level 1  
  102  14:09  Probe x2  
  105  14:10  Probe  
  105  14:14  Assimilator  
  105  14:16  Zealot  
  105  14:17  Zealot x6  
  109  14:18  Zealot, Assimilator  
  109  14:20  Zealot  
  109  14:21  Probe x2  
  109  14:22  Probe  
  126  14:33  Probe x2  
  124  14:45  Zealot x3  
  114  14:46  Zealot x5  
  114  14:47  Zealot  
  122  15:02  Probe x3  
  121  15:14  Robotics Bay, Probe  
  121  15:19  High Templar x5  
  121  15:20  High Templar x5  
  121  15:21  High Templar  
  140  15:25  Probe x2  
  140  15:26  Probe  
  125  15:37  Probe x2  
  125  15:40  High Templar  
  125  15:41  High Templar  
  125  15:43  Probe  
  125  15:49  Probe x2  
  120  15:56  Observer  
  117  15:57  Zealot  
  117  15:58  Zealot x5  
  117  15:59  Zealot x5  
  139  16:05  Photon Cannon  
  139  16:09  Photon Cannon  
  139  16:10  Pylon  
  139  16:12  Pylon  
  139  16:17  Observer  
  140  16:20  Dark Templar x2  
  140  16:21  Protoss Shields Level 2, Dark Templar  
  140  16:23  Zealot  
  148  16:39  Observer  
  133  17:08  Zealot x3  
  127  17:09  Zealot x5  
  127  17:10  Zealot x5  
  147  17:26  Archon x3  
  147  17:27  Archon  
  147  17:28  Archon  
  139  17:37  Nexus, Protoss Ground Armor Level 2  
  139  17:39  High Templar x3  
  139  17:40  High Templar x2  
  139  17:41  High Templar  
  151  17:44  Zealot x4  
  151  17:45  Zealot x3  
  151  17:51  Archon x2  
  125  18:41  Pylon  
  125  18:44  Pylon  
  125  18:45  Zealot x2  
  125  18:46  Zealot x5, Assimilator  
  125  18:47  Zealot x5  
  125  18:48  Zealot  
  150  18:50  Assimilator  
  150  18:52  Gateway  
  150  18:55  Gateway  
  150  19:00  Gateway  
  150  19:02  Gateway  
  146  19:05  Stargate  
  112  19:39  Observer  
  111  19:48  Photon Cannon  
  111  19:51  Photon Cannon  
  107  19:54  Photon Cannon, Dark Templar x3  
  107  19:55  Dark Templar x6  
  107  19:56  Dark Templar x6  
  133  20:00  Observer  
  130  20:07  Void Ray  
  126  20:21  Observer  
  126  20:43  Observer  
  118  20:53  Dark Templar x6  
  118  20:54  Dark Templar  
Show
View Real Time Build Order
Export as new Build Order

Sketchaphone Zerg - Winner!

Build Orders: Hatch First 

Get SALT Encoding   

  12  0:01  Drone  
  13  0:12  Overlord  
  13  0:19  Drone  
  14  0:23  Extractor  
  14  0:24  Drone  
  15  0:33  Drone  
  16  0:38  Drone  
  17  0:56  Hatchery  
  16  1:00  Drone  
  16  1:02  Drone  
  18  1:06  Extractor  
  17  1:11  Drone  
  18  1:21  Spawning Pool  
  17  1:34  Drone x2  
  17  1:38  Overlord  
  19  1:52  Drone  
  20  2:08  Metabolic Boost  
  20  2:11  Queen  
  20  2:12  Queen  
  24  2:17  Drone  
  24  2:18  Drone  
  24  2:20  Drone  
  24  2:22  Drone  
  28  2:27  Zergling x2  
  29  2:30  Drone  
  29  2:35  Zergling x2  
  31  2:40  Zergling x2  
  32  2:45  Zergling x2  
  33  2:59  Zergling x4  
  33  3:03  Overlord  
  35  3:06  Zergling x2  
  35  3:20  Overlord  
  35  3:28  Zergling x2, Hatchery  
  35  3:29  Zergling x2  
  36  3:41  Zergling x12  
  40  3:50  Roach Warren  
  35  4:19  Lair  
  32  4:38  Zergling x14  
  38  4:47  Queen  
  38  4:48  Overlord  
  38  4:49  Overlord  
  38  4:51  Overlord  
  38  4:52  Drone x3  
  40  5:20  Overlord  
  39  5:31  Nydus Network  
  39  5:32  Extractor  
  39  5:34  Zergling x2  
  39  5:35  Zergling x14  
  45  5:43  Drone x5  
  45  5:44  Evolution Chamber x2  
  45  5:47  Drone x2  
  42  6:21  Drone x5  
  42  6:24  Glial Reconstitution  
  47  6:26  Roach x5  
  49  7:05  Zerg Ground Armor Level 1  
  49  7:07  Zerg Melee Weapons Level 1  
  49  7:08  Roach x3  
  53  7:11  Drone x2  
  53  7:13  Zergling x20  
  65  7:17  Zergling x2  
  65  7:21  Overlord  
  66  7:29  Pneumatized Carapace  
  66  7:33  Drone x2  
  66  7:34  Zergling x2  
  66  7:35  Zergling x2  
  69  8:01  Roach x6  
  81  8:06  Overlord x2, Nydus Canal  
  81  8:20  Overlord x2  
  81  8:26  Roach x2  
  85  8:29  Roach x2  
  85  8:33  Roach  
  88  8:36  Overlord, Zergling x2  
  88  8:38  Overlord  
  81  8:45  Nydus Canal  
  77  8:50  Roach x3  
  77  8:53  Zergling x2  
  77  8:54  Roach  
  77  8:55  Zergling x2  
  87  9:01  Roach  
  89  9:14  Roach x3  
  93  9:22  Overseer  
  84  9:32  Roach  
  84  9:33  Roach  
  82  9:51  Zerg Missile Weapons Level 1  
  82  9:57  Drone x2  
  84  10:06  Drone x8  
  92  10:10  Extractor  
  92  10:11  Extractor  
  92  10:13  Overlord x2, Extractor  
  89  10:14  Extractor  
  88  10:54  Nydus Canal  
  88  11:01  Nydus Network  
  84  11:20  Zergling x22  
  84  11:21  Zergling x6  
  74  11:43  Zergling x2  
  61  11:48  Nydus Canal  
  59  11:54  Zerg Missile Weapons Level 2  
  59  11:56  Infestation Pit  
  59  11:57  Roach x3  
  59  11:58  Roach x5  
  59  12:01  Roach  
  67  12:23  Roach  
  67  12:24  Roach x7  
  67  12:28  Drone x3  
  86  12:35  Drone x4  
  90  12:44  Overlord  
  90  12:46  Overlord  
  90  12:47  Overlord  
  90  12:54  Nydus Canal  
  90  12:58  Roach x3  
  94  12:59  Roach x3  
  94  13:01  Zergling x6  
  105  13:06  Overseer  
  105  13:09  Zergling x10  
  110  13:14  Overlord  
  110  13:19  Burrow, Hive  
  110  13:20  Tunneling Claws  
  110  13:30  Roach  
  110  13:31  Roach x4  
  110  13:32  Overseer  
  122  13:34  Roach  
  119  13:58  Nydus Canal  
  119  14:00  Zergling x16  
  127  14:06  Roach  
  129  14:11  Hydralisk Den  
  117  14:18  Roach  
  117  14:22  Roach, Zergling x6  
  109  14:26  Zerg Ground Armor Level 2  
  109  14:27  Zerg Melee Weapons Level 2  
  109  14:28  Pathogen Glands  
  109  14:30  Queen  
  101  14:40  Roach  
  101  14:41  Roach x3  
  101  14:43  Roach x6  
  93  15:07  Zergling x18  
  93  15:11  Ravager x2  
  101  15:17  Grooved Spines  
  101  15:18  Adrenal Glands  
  101  15:23  Drone x2  
  101  15:24  Drone  
  101  15:35  Overseer  
  101  15:37  Overlord  
  101  15:38  Overlord  
  101  15:42  Overseer  
  101  15:43  Overlord  
  101  15:56  Roach x2  
  101  15:57  Overlord  
  101  16:05  Hatchery  
  101  16:08  Roach x4  
  107  16:19  Hydralisk x3  
  113  16:28  Muscular Augments  
  109  16:36  Overlord  
  131  17:23  Drone  
  131  17:24  Drone x5  
  131  17:28  Drone x2  
  139  17:45  Overlord  
  139  17:51  Hydralisk  
  139  17:52  Hydralisk x5  
  139  17:56  Zerg Missile Weapons Level 3  
  151  18:00  Drone x5  
  156  18:34  Overlord x2  
  156  18:35  Overlord x3  
  153  19:05  Zergling x12  
  153  19:08  Spire  
  158  19:11  Extractor x2  
  156  19:19  Hatchery  
  155  19:26  Ravager  
  155  19:31  Hatchery  
  155  19:34  Overseer, Hatchery  
  155  19:35  Overlord  
  155  19:36  Overlord  
  153  19:41  Hatchery  
  153  19:42  Overlord  
  152  19:53  Nydus Canal  
  152  20:08  Zergling x2  
  153  20:22  Ultralisk Cavern  
  152  20:49  Corruptor x10  
  154  20:50  Corruptor x10  
Tags
 
Add a new tag
Caveats
  • Supply blocks, unpowered buildings, or Contaminate may cause inaccurate times.
  • Supply counts are checked every 10 seconds.